[Event "*** SCC Grand Prix: Titled Tuesday Blitz"]
[Site "Chess.com"]
[Date "2020.06.02"]
[Round "9"]
[White "ARTHURMOTIVATOR"]
[Black "StockholmMissile"]
[Result "0-1"]
[WhiteElo "2229"]
[BlackElo "2448"]
[TimeControl "180+1"]
[EndTime "11:48:40 PDT"]
[Termination "StockholmMissile won by resignation"]

1. e4 e5 2. Nc3 Nf6 3. g3 d5 4. exd5 Nxd5 5. Bg2 c6 6. Nf3 Nd7 7. O-O Nxc3 8. bxc3 Bd6 9. d3 O-O 10. Ng5 Be7 11.
Qh5 Bxg5 12. Bxg5 Qa5 13. Bd2 Nf6 14. Qe2 Re8 15. Kh1 Bg4 16. f3 Be6 17. c4 Qc7 18. Bc3 Bf5 19. Rae1 Nd7 20. g4 Bg6 21. h4 h5 22. Bh3 hxg4 23. fxg4 e4 24. Qd2 exd3 25.
cxd3 Qg3 26. Qh2 Qxh2+ 27. Kxh2 Bxd3 28. Rxe8+ Rxe8 29. Rd1 Re3 30. Bd4 Re2+ 31. Kg3 Bxc4 32. Bxg7 Kxg7 33. Rxd7 Ba6 34. g5 Re3+ 35. Kh2 Kg6 36. Bg4 c5 37. Bd1 c4 38. Bc2+ Kh5 39.
Rxf7 Re2+ 40. Kg3 Rxc2 41. Rh7+ Kg6 42. Rh6+ Kg7 43. h5 c3 44. Rd6 Bf1 45. Rd7+ Kf8 46. g6 Rg2+ 47. Kf4 c2 48. Rc7 Bd3 49. Ke5 Ke8 50. Ke6 Kd8 51. Rc3 Be4 52. Kf7 Bd5+ 53. Kf6 Be4 54. g7 Kd7 55. h6 Kd6 56. Rc4 Kd5 57. Rc8 Kd4 58. Kf7 Kd3 59. Rd8+ Kc3 60.
Rc8+ Kb2 61. Rc7 c1=Q 62. Rxc1 Kxc1 63. Kf8 Bh7 64. Kf7 Kb2 65. Kf8 Kxa2 66. Ke7 b5 67. Kd6 b4 68. Kc5 b3 69. Kc4 b2 70. Kc3 b1=Q 0-1

[Event "*** SCC Grand Prix: Titled Tuesday Blitz"]
[Site "Chess.com"]
[Date "2020.06.02"]
[Round "9"]
[White "larisakalinina"]
[Black "MacDaddyMac"]
[Result "0-1"]
[WhiteElo "1985"]
[BlackElo "2278"]
[TimeControl "180+1"]
[EndTime "11:48:44 PDT"]
[Termination "MacDaddyMac won on time"]

1. e4 e6 2. d3 d5 3. Nd2 Nf6 4.
g3 c5 5. Bg2 Nc6 6. Qe2 Be7 7.
e5 Nd7 8. Ngf3 Qc7 9. c4 d4 10. Ne4 Ncxe5 11. Nxe5 Nxe5 12. Bf4 Qa5+ 13. Bd2 Qb6 14.
b3 Bd7 15. O-O h6 16. Bf4 Ng6 17. Bd2 f5 18. Qh5 e5 19. f4 fxe4 20. Bxe4 O-O 21. Bxg6 exf4 22. Bxf4 Rf6 23. Be4 Raf8 24. Be5 Rxf1+ 25.
Rxf1 Rxf1+ 26. Kxf1 Bc6 27. Bf5 Qd8 28. Qg6 Bf6 29. Qh7+ Kf8 30. Qh8+ Kf7 31. Qxd8 Bxd8 32. Ke2 Bf6 33. Bd6 Be7 34. Bb8 Kf6 35. Bg4 a6 36.
Bf3 Bxf3+ 37. Kxf3 Ke6 38. Ke4 g6 39. Bf4 h5 40. h3 g5 41. Bb8 Bf6 42. g4 hxg4 43.
hxg4 Be7 44. Be5 Bf8 45. Bc7 Be7 46. a3 Bf6 47. b4 cxb4 48. axb4 Be7 49. b5 axb5 50.
cxb5 Bc5 51. Bd8 Ba3 52. Bxg5 Bb2 53. Bd8 Kd6 54. b6 Kc5 55. g5 Bc1 56. g6 Bh6 57. Kf5 Kc6 58. Kf6 Kc5 59. g7 Bxg7+ 60. Kxg7 Kb4 61.
Kf6 Kc3 62. Ke6 Kxd3 63. Kd7 Kc4 64. Kc7 d3 65. Bg5 Kd5 66. Kxb7 Ke6 67. Kc7 Kf5 68. Bd2 Ke4 69. b7 Kf3 70. b8=Q Ke2 71.
Ba5 Kd1 72. Qb1+ Ke2 73. Qb2+ Ke3 74. Qd2+ Kd4 75. Kd6 Kc4 76. Qc3+ Kb5 0-1

[Event "*** SCC Grand Prix: Titled Tuesday Blitz"]
[Site "Chess.com"]
[Date "2020.06.02"]
[Round "9"]
[White "Micki-taryan"]
[Black "themind1hunter"]
[Result "0-1"]
[WhiteElo "3006"]
[BlackElo "2551"]
[TimeControl "180+1"]
[EndTime "11:48:45 PDT"]
[Termination "themind1hunter won by resignation"]

1. b4 d5 2. Bb2 e6 3. b5 Nf6 4.
Nf3 Be7 5. e3 O-O 6. a4 c5 7. Be2 Nbd7 8. O-O b6 9. d3 Bb7 10.
Nbd2 Bd6 11. c4 Qe7 12. a5 Rad8 13. axb6 axb6 14. Ra7 Rb8 15. Qb3 Rfd8 16. Rfa1 Nf8 17. Ne5 Qe8 18. f4 Ng6 19. Bf3 Nh4 20. Qd1 Nxf3+ 21.
Qxf3 Rdc8 22. Nf1 Nd7 23. Nxd7 Qxd7 24. cxd5 Qxb5 25. Rxb7 Rxb7 26. dxe6 Re7 27. exf7+ Rxf7 28. Qg4 Re8 29. Rb1 Qxd3 30. Rd1 Qb3 31. Ba1 Bf8 32. h4 c4 33. Bd4 c3 34. Rc1 c2 35. Qe2 Rc8 36.
Nd2 Qa2 37. Ne4 Ba3 38. Qg4 Rcf8 39. Rf1 c1=Q 40. Rxc1 Bxc1 41. Ng5 Qd5 42. Ne6 g6 43. Ng5 Ba3 44. h5 Qf5 45. Qd1 Bc5 46. h6 Bxd4 47. Qxd4 Qf6 48. Qc4 Kh8 49. g3 Re7 50. e4 Rfe8 51.
e5 Qf5 52. e6 Qf6 53. Nf7+ Rxf7 54. exf7 Rf8 55. Qc7 Rxf7 56. Qc8+ Rf8 57. Qc4 Qf7 58. Qb4 Kg8 59. Qxb6 Re8 60. Qb2 Rf8 61. Kh2 Qf6 62.
Qa2+ Rf7 63. Qa8+ Rf8 64. Qa2+ Qf7 65. Qb2 g5 66. fxg5 Qh5+ 67. Kg1 Qxg5 68. Qb3+ Kh8 69. Qb2+ Qf6 70. Qb7 Qf2+ 71. Kh1 Qf3+ 72. Qxf3 Rxf3 73. Kg2 Rf6 74. g4 Rxh6 75. g5 Rg6 76. Kg3 Kg7 0-1

[Event "*** SCC Grand Prix: Titled Tuesday Blitz"]
[Site "Chess.com"]
[Date "2020.06.02"]
[Round "9"]
[White "FightingChess"]
[Black "Bayernbk"]
[Result "1/2-1/2"]
[WhiteElo "2378"]
[BlackElo "2485"]
[TimeControl "180+1"]
[EndTime "11:48:45 PDT"]
[Termination "Game drawn - insufficient material"]

1. e4 d5 2. exd5 Nf6 3. d4 Bg4 4. Bb5+ Bd7 5. Bc4 b5 6. Bb3 a5 7.
a4 bxa4 8. Bxa4 Bxa4 9. Rxa4 Nxd5 10. Nf3 e6 11. O-O Be7 12. Nbd2 Nd7 13. c4 N5b6 14. Ra1 c5 15. Qc2 O-O 16. b3 cxd4 17. Nxd4 Bf6 18.
Bb2 Nc5 19. N2f3 Qc7 20. Nb5 Qe7 21. Rfd1 Rfd8 22. Bxf6 Qxf6 23. Rxd8+ Qxd8 24. Qc3 Qf6 25. Rxa5 Qxc3 26. Rxa8+ Nxa8 27. Nxc3 Nxb3 28. Na4 Kf8 29. Kf1 Ke7 30. Ke2 Na5 31. Kd3 Nc6 32. c5 Nc7 33. Kc4 e5 34. Nb6 Na5+ 35. Kc3 f6 36.
Nd2 Ke6 37. Ndc4 Nc6 38. Nd6 Nd5+ 39. Nxd5 Kxd5 40. Nf5 g6 41. Ne3+ Kxc5 42. Ng4 f5 43.
Nf6 h5 44. Nh7 Kd5 45. Kd3 e4+ 46. Ke3 Ke5 47. f4+ exf3 48. gxf3 f4+ 49. Kf2 Kf5 50. Nf8 Ne5 51. h4 Nd3+ 52. Kg2 Nc5 53. Nh7 Ne6 54.
Kf2 Ke5 55. Kg2 Nd4 56. Nf8 Kf6 57. Nh7+ Kf5 58. Nf8 Nc2 59. Nh7 Ne3+ 60. Kf2 Nd5 61. Kg2 Nf6 62. Nf8 Ng8 63. Nh7 Ne7 64. Ng5 Nd5 65.
Nh7 Nf6 66. Nf8 g5 67. hxg5 Kxg5 68. Ne6+ Kf5 69. Nd4+ Ke5 70. Ne2 Nd5 71. Kh3 Nf6 72. Kh4 Kf5 73. Kh3 Kg5 74. Nd4 h4 75. Ne6+ Kf5 76. Nxf4 Kxf4 77. Kxh4 Kxf3 1/2-1/2

[Event "*** SCC Grand Prix: Titled Tuesday Blitz"]
[Site "Chess.com"]
[Date "2020.06.02"]
[Round "9"]
[White "BlackBoarder"]
[Black "yamalchess"]
[Result "1/2-1/2"]
[WhiteElo "2620"]
[BlackElo "2466"]
[TimeControl "180+1"]
[EndTime "11:48:47 PDT"]
[Termination "Game drawn - insufficient material"]

1. e4 e5 2. Nf3 Nc6 3. d4 exd4 4. Bc4 Nf6 5. O-O Nxe4 6. Re1 d5 7. Bxd5 Qxd5 8. Nc3 Qa5 9. Nxe4 Be6 10. Neg5 O-O-O 11. Nxe6 fxe6 12. Rxe6 Bd6 13. Bg5 Rde8 14. Qe2 Kd7 15. Rxe8 Rxe8 16. Qd3 g6 17. Bd2 Qf5 18. Qxf5+ gxf5 19. Rd1 b5 20. Kf1 Be5 21. Be3 Kc8 22. Nxe5 Rxe5 23.
Bxd4 Rd5 24. c3 b4 25. Ke2 a5 26. Kd3 Ne5+ 27. Kc2 bxc3 28. Bxc3 Rc5 29. h3 Nc6 30. Kb3 f4 31. Rd3 Rg5 32. g3 fxg3 33. Rxg3 Rf5 34.
Rg7 h5 35. Rh7 Kb7 36. Kc4 Rf4+ 37. Kd5 Rh4 38. Rf7 Rxh3 39. f4 h4 40. f5 Rf3 41.
f6 h3 42. Rh7 Nd8 43. Ke4 Rf2 44.
Rxh3 Ne6 45. Rg3 a4 46. Kd5 Nf4+ 47. Ke5 a3 48. bxa3 Ne2 49. Re3 Nxc3 50. Rxc3 Rxa2 51. Ke6 Re2+ 52. Kd7 Rd2+ 53. Ke7 Re2+ 54. Kf8 Rf2 55.
f7 Kb6 56. Rc4 c5 57. Kg7 Kb5 58. Rg4 c4 59. f8=Q Rxf8 60. Kxf8 c3 61. Rg2 Ka4 62.
Rc2 Kb3 63. Rc1 Kb2 64. Rf1 Kxa3 65. Ke7 Kb2 66. Kd6 c2 67. Rf2 Kb1 68. Rf1+ c1=Q 69. Rxc1+ Kxc1 1/2-1/2

[Event "*** SCC Grand Prix: Titled Tuesday Blitz"]
[Site "Chess.com"]
[Date "2020.06.02"]
[Round "9"]
[White "Trickov"]
[Black "IMDT02"]
[Result "1-0"]
[WhiteElo "2352"]
[BlackElo "2468"]
[TimeControl "180+1"]
[EndTime "11:48:47 PDT"]
[Termination "Trickov won by resignation"]

1. d4 Nf6 2. Nf3 g6 3. g3 Bg7 4.
Bg2 O-O 5. c4 d6 6. Nc3 Nbd7 7.
O-O e5 8. Qc2 Re8 9. Rd1 c6 10.
e4 Qc7 11. h3 exd4 12. Nxd4 Nc5 13. Be3 Qe7 14. f3 d5 15. cxd5 cxd5 16. Bg5 dxe4 17.
Nd5 Qe5 18. Nxf6+ Bxf6 19. Bxf6 Qxf6 20. Qxc5 exf3 21. Nxf3 Bxh3 22. Qc3 Qxc3 23. bxc3 Bxg2 24. Kxg2 Re2+ 25. Kf1 Re3 26. Kf2 Rxc3 27. Rd7 b6 28. Re1 Ra3 29. Re2 Rc8 30. Ng5 Rf8 31. Ne4 Kg7 32.
Nd6 h5 33. Nb5 Ra5 34. Nd6 Ra3 35. Ne8+ Kg8 36. Nf6+ Kg7 37. Ne4 Ra5 38. Nc3 Ra3 39. Re3 Rc8 40. Nd5 Rxa2+ 41. Kf3 Rcc2 42. Nf4 Rf2+ 43. Ke4 Ra4+ 44. Ke5 Ra5+ 45. Ke4 Ra4+ 46. Ke5 Ra5+ 47. Kd6 Rd2+ 48. Rd3 Rxd3+ 49. Nxd3 Ra3 50. Ne5 Rxg3 51. Rxf7+ Kh6 52. Rxa7 b5 53. Ra8 Rb3 54. Ke6 Kg5 55. Nf7+ Kg4 56. Ne5+ Kg5 57. Rg8 Kf4 58. Rxg6 Rg3 59. Rf6+ Ke4 60. Rh6 Rg5 61. Nf7 Rc5 62. Rh8 b4 63. Nd6+ Kd4 64. Rb8 Kc3 65.
Ne4+ Kc4 66. Nxc5 Kxc5 67. Ke5 Kc4 68. Ke4 b3 69. Rc8+ Kb4 70. Kd3 1-0

[Event "*** SCC Grand Prix: Titled Tuesday Blitz"]
[Site "Chess.com"]
[Date "2020.06.02"]
[Round "9"]
[White "fodorpoti"]
[Black "cassoulet"]
[Result "1-0"]
[WhiteElo "2777"]
[BlackElo "2623"]
[TimeControl "180+1"]
[EndTime "11:48:50 PDT"]
[Termination "fodorpoti won by resignation"]

1. d4 d5 2. c4 e6 3. Nc3 Nf6 4. cxd5 exd5 5. Bg5 Be7 6. e3 O-O 7. Bd3 Nbd7 8. Qc2 h6 9. Bf4 a6 10. Nf3 b6 11. h3 Bb7 12. O-O c5 13. Ne5 Re8 14. Rad1 Nf8 15. Bh2 Ne6 16. Bf5 Bd6 17. f4 Rc8 18. Qe2 b5 19. Qf3 b4 20. Ne2 c4 21. Kh1 Rc7 22. g4 Ne4 23.
Bxe4 dxe4 24. Qf2 c3 25. bxc3 bxc3 26. Rc1 c2 27. Ng3 Nxd4 28. Qd2 Bxe5 29. fxe5 Nf3 30. Qb4 Qd3 31. Qd6 Rd7 32. Qb4 Rc8 33. Bg1 Qd2 34.
Qb3 Bd5 35. Qa4 Rdc7 36. Bf2 Qd3 37. Kg2 h5 38. gxh5 Nh4+ 39. Kh2 Qc3 40. Qd4 Qxd4 41. exd4 Rc3 42. Ne2 Nf3+ 43. Kg2 Rd3 44. Bg3 Nxd4 45.
Nxd4 Rxd4 46. Bf4 e3+ 47. Kg3 e2 48. Rfe1 Rd1 49. Rxe2 Rxc1 50. Bxc1 Bxa2 51. Kf4 Bb3 52. Re3 a5 53. Rxb3 Rc4+ 54. Ke3 Rh4 55. Kd2 Rxh5 56. Bb2 a4 57. Ra3 Rh4 58. Kxc2 Kh7 59.
Bc1 Rc4+ 60. Kb1 Rb4+ 61. Bb2 Rc4 62. Ka2 Kg6 63. Rf3 Re4 64. Ka3 Kh7 65. Bc3 Kg6 66.
Rg3+ Kf5 67. Rxg7 Ke6 68. Rg3 Rh4 69. Rf3 Re4 70. Rf6+ Ke7 71. Bb4+ Ke8 72. Rf5 Re3+ 73. Kxa4 Rxh3 74. Kb5 Rh6 75. Bd6 Rh1 76. Kc6 Rc1+ 77. Bc5 Rc2 78. Rg5 f6 79. exf6 Kf7 80. Rf5 Re2 81. Bd4 Re6+ 82. Kd5 Re1 83. Rf3 Rb1 84. Rg3 Rb5+ 85. Ke4 Rb4 86. Rg7+ Ke6 87. Re7+ Kd6 88. Re5 Rb1 89. f7 Re1+ 90. Kf5 Rf1+ 91. Kg6 Rg1+ 92. Kf6 Rf1+ 93. Rf5 1-0

[Event "*** SCC Grand Prix: Titled Tuesday Blitz"]
[Site "Chess.com"]
[Date "2020.06.02"]
[Round "9"]
[White "chessfrendz"]
[Black "bugbug01052018"]
[Result "0-1"]
[WhiteElo "2364"]
[BlackElo "2220"]
[TimeControl "180+1"]
[EndTime "11:48:54 PDT"]
[Termination "bugbug01052018 won on time"]

1. d4 Nf6 2. g3 e6 3. Bg2 c5 4.
Nf3 Nc6 5. O-O Be7 6. b3 O-O 7. Bb2 cxd4 8. Nxd4 d5 9. c4 dxc4 10. Nxc6 bxc6 11. Qxd8 Rxd8 12. bxc4 Rb8 13. Be5 Bd6 14. Rd1 Ne8 15. c5 Bxe5 16. Rxd8 Kf8 17. Bxc6 Bd7 18.
Rxb8 Bxc6 19. Nc3 Bxb8 20. Rb1 Be5 21. Nb5 a6 22. Na7 Bd5 23. a3 Bd4 24. Rb8 Bxc5 25. Nc8 f6 26. Nb6 Bd6 27. Rc8 Bb7 28. Rc3 Nc7 29. a4 Nd5 30. Rb3 Bc6 31. a5 Bb5 32.
Nxd5 exd5 33. e3 Ke7 34. f4 Bc5 35. Kf2 Kd6 36. Kf3 h5 37. Rb2 Bc6 38. Ke2 Bb5+ 39.
Kf3 Bc6 40. Ke2 Kc7 41. Rb3 Bb5+ 42. Kf3 Bc4 43. Rb2 Ba3 44. Rc2 Bb4 45. e4 Kd6 46.
exd5 Kxd5 47. Rb2 Bxa5 48. f5 Bc3 49. Rc2 Kd4 50. Rc1 Kd3 51. Rd1+ Bd2 52. Ra1 Bd5+ 53.
Kf2 Be3+ 54. Kf1 Bc4 55. Ra3+ Kd4+ 56. Kg2 a5 57. Rxa5 Bd5+ 58. Kh3 Bd2 59. Ra4+ Ke5 60. Kh4 Kxf5 61. Kxh5 Bf3+ 62. Kh4 g5+ 63. Kh3 g4+ 64. Kh4 Bg5+ 65. Kh5 Be3 66. Ra5+ Ke4 67. Kg6 Bg1 68. Ra4+ Kd3 0-1

[Event "*** SCC Grand Prix: Titled Tuesday Blitz"]
[Site "Chess.com"]
[Date "2020.06.02"]
[Round "9"]
[White "Jeffinho023"]
[Black "maciek_92"]
[Result "1-0"]
[WhiteElo "2589"]
[BlackElo "2771"]
[TimeControl "180+1"]
[EndTime "11:48:57 PDT"]
[Termination "Jeffinho023 won on time"]

1. d4 f5 2. Nc3 d5 3. Bg5 Nf6 4. Bxf6 exf6 5. e3 c6 6. Bd3 Be6 7. Qf3 Bd6 8. Nge2 g6 9. h3 h5 10. O-O-O Nd7 11. g4 fxg4 12. hxg4 Bxg4 13. Qxg4 hxg4 14.
Rxh8+ Nf8 15. Bxg6+ Kd7 16. Bf5+ Kc7 17. Bxg4 Qe7 18. Bf5 Qg7 19. Rdh1 Qg2 20. Na4 Rd8 21. Bd3 Qxf2 22. Kb1 Qxe3 23. Rg8 Qf3 24. Rhg1 Ne6 25. R8g6 Rf8 26. Nac3 Nf4 27. Nxf4 Qxf4 28. Ne2 Qe3 29. Rg7+ Kb6 30. a3 f5 31. Rd7 Qe6 32. Rgg7 Rb8 33. Rdf7 f4 34. Nxf4 Qe1+ 35. Ka2 Bxf4 36. Rxf4 Qe3 37.
Rgg4 Rh8 38. Rf7 Qe6 39. Rgg7 Rb8 40. c3 Qe3 41. Bc2 Qd2 42. Bb3 a5 43. a4 Ka6 44. Re7 Qf2 45. Rgf7 Qd2 46. Rd7 Kb6 47. Rfe7 Qd3 48. Rf7 Qa6 49. Rfe7 Rf8 50. Rh7 Rf2 51. Rhg7 Qa8 52. Rh7 Qc8 53. Rhg7 Qb8 54. Rde7 Ka6 55. Rh7 Qa8 56. Rhg7 Qc8 57. Rh7 Qb8 58. Rhg7 Qh2 59.
Rxb7 Rxb2+ 60. Ka3 c5 61. Ra7+ Kb6 62. Rgb7+ Kc6 63.
Rc7+ Kd6 64. Rd7+ Ke6 65. Bxd5+ Kf6 66. Rf7+ Kg5 67. Rg7+ Kf4 68. Raf7+ Ke3 69. Rf3+ Kd2 70. Kxb2 Kd1+ 71. Kb3 Qc2+ 72. Kc4 cxd4 73. Rg1+ 1-0

[Event "*** SCC Grand Prix: Titled Tuesday Blitz"]
[Site "Chess.com"]
[Date "2020.06.02"]
[Round "9"]
[White "Harry_Rakkel"]
[Black "Smile2005"]
[Result "0-1"]
[WhiteElo "2502"]
[BlackElo "2423"]
[TimeControl "180+1"]
[EndTime "11:48:57 PDT"]
[Termination "Smile2005 won by resignation"]

1. d4 Nf6 2. Nf3 g6 3. Bg5 Bg7 4. Nbd2 O-O 5. e4 d6 6. c3 c5 7. dxc5 dxc5 8. Bc4 Qb6 9. Qb3 Nc6 10. O-O Na5 11. Qxb6 axb6 12. Bb5 h6 13. Bxf6 Bxf6 14. Rfd1 Be6 15. a3 Rfd8 16. Nf1 Nb3 17. Rab1 g5 18.
h3 h5 19. e5 Bg7 20. Nxg5 Bf5 21. Bc4 Bxb1 22. Rxb1 Nd2 23. Bxf7+ Kh8 24. Nxd2 Rxd2 25. Bxh5 Bh6 26. Nf7+ Kg7 27. Nxh6 Kxh6 28. Bf3 Rf8 29.
a4 Rf5 30. e6 Kg5 31. b4 Kf6 32. b5 Rf4 33. a5 bxa5 34. Bxb7 Rfxf2 35. Bc6 Rb2 36. Ra1 Rfc2 37. Rxa5 Rxc3 38. Ra6 Rd3 39.
h4 c4 40. Ra4 c3 41. Rf4+ Ke5 42. Re4+ Kd6 43. Rc4 c2 44. Kh2 Rd1 45. h5 c1=Q 46.
Rxc1 Rxc1 47. h6 Rc4 48. Kh3 Rf4 49. g4 Rb3+ 50. Kh4 Rbb4 51. Kh5 Rxg4 52. Bf3 Rh4+ 53. Kg5 Rxh6 54. Kxh6 Rxb5 55. Bg4 Re5 56. Kg6 Rxe6+ 57.
Kf5 Re5+ 58. Kf4 Ra5 59. Kf3 e5 60. Bf5 Kd5 61. Ke2 Kd4 62. Bh7 Ra3 63. Kd2 Ra2+ 64. Ke1 e4 65. Kd1 e3 66. Kc1 e2 0-1

[Event "*** SCC Grand Prix: Titled Tuesday Blitz"]
[Site "Chess.com"]
[Date "2020.06.02"]
[Round "9"]
[White "Arek_pacitan"]
[Black "temus_galaktionov"]
[Result "0-1"]
[WhiteElo "2544"]
[BlackElo "2724"]
[TimeControl "180+1"]
[EndTime "11:49:05 PDT"]
[Termination "temus_galaktionov won on time"]

1. e4 c6 2. d4 g6 3. Nf3 Bg7 4. c4 d6 5. Nc3 Nd7 6. Be2 e5 7. O-O Ngf6 8. Re1 O-O 9. h3 Qe7 10. d5 c5 11. a3 h6 12. b4 b6 13. Qc2 Ne8 14. Rb1 f5 15. exf5 gxf5 16. Bf1 Qf6 17.
Bb2 Qg6 18. Nd2 Nef6 19. Nb5 Ne8 20. bxc5 Nxc5 21. Nb3 Ne4 22. Nc3 Nxc3 23. Bxc3 Bd7 24. Re3 Nf6 25. Rg3 Qf7 26. Re1 Ne4 27. Rge3 Nxc3 28.
Qxc3 Rac8 29. Nd2 Rc5 30. Nb3 Rc7 31. Qb4 Qf6 32. Nd2 Rfc8 33. Rg3 Kh8 34. Kh1 h5 35. Rf3 Bh6 36. Ne4 Qg6 37. Qxd6 Kh7 38. Nf6+ Kg7 39.
Rg3 Bg5 40. Rxg5 Qxg5 41. Nxd7 e4 42. Qe5+ Kh7 43. Nf6+ Kg6 44. d6 Rc5 45. Nd5 Rd8 46. Qe6+ Kg7 47. d7 b5 48. cxb5 Rc2 49. Qe5+ Kf7 50.
Ne3 Rxf2 51. Bc4+ Kf8 52. Qc5+ Kg7 53. Qd4+ Qf6 54. Qd5 f4 55. Nf1 e3 56. Nh2 Rd2 57.
Qe4 R8xd7 58. Nf3 Rd1 59. Rxd1 Rxd1+ 60. Kh2 Rd7 61. Qc6 Re7 62. Qxf6+ Kxf6 63. Kg1 Rc7 64. Be2 Rc1+ 65. Kh2 Ra1 66. a4 Rxa4 67. Ne1 Ra2 68.
Bxh5 Rb2 69. Nd3 Rxb5 70. Bf3 Kf5 71. h4 Rb3 72. Ne1 Rb1 73. Nd3 a5 74. h5 Rb8 0-1

[Event "*** SCC Grand Prix: Titled Tuesday Blitz"]
[Site "Chess.com"]
[Date "2020.06.02"]
[Round "9"]
[White "KerryStead"]
[Black "mamonika"]
[Result "1-0"]
[WhiteElo "2093"]
[BlackElo "1957"]
[TimeControl "180+1"]
[EndTime "11:49:06 PDT"]
[Termination "KerryStead won on time"]

1. c4 c5 2. Nc3 Nc6 3. g3 g6 4.
Bg2 Bg7 5. e3 d6 6. Nge2 Nf6 7.
d4 O-O 8. O-O cxd4 9. exd4 a6 10. Be3 Nd7 11. Qd2 e5 12. d5 Ne7 13. Bg5 f5 14. h4 Nf6 15. Rac1 Bd7 16. Bh6 b5 17. b3 Rc8 18. Bxg7 Kxg7 19. Nd1 bxc4 20. bxc4 Qb6 21. Ne3 Rc7 22. Kh1 Rb8 23. f4 e4 24.
Nd4 Qb2 25. Rf2 Qxd2 26. Rxd2 Nc8 27. Bf1 Nb6 28. Kg2 Na4 29. Nb3 Nc5 30. Nd4 Rcb7 31.
Rcc2 Rb1 32. Be2 a5 33. Nd1 a4 34. Nc3 R1b4 35. a3 R4b7 36. Ndb5 Rb6 37. Rb2 Nb3 38. Rdc2 Ra6 39. Bd1 Kf7 40. Ne2 Ke7 41. Ned4 Nc5 42. Rd2 Rab6 43. Rbc2 Ne8 44. h5 Kd8 45. hxg6 hxg6 46. Kf1 Nc7 47. Nxc7 Kxc7 48. Rh2 Nb3 49. Rh7 Nxd4 50. Rd2 Nb3 51. Rc2 Nc5 52.
Be2 Rb3 53. Kf2 Rxa3 54. g4 Ra1 55. gxf5 gxf5 56. Bh5 a3 57. Bf7 a2 58. Be6 Rab1 59.
Rxa2 R1b2+ 60. Rxb2 Rxb2+ 61. Ke3 Rb3+ 62. Ke2 Rb2+ 63.
Ke3 Kc8 64. Bxd7+ Nxd7 65. Rf7 Rb3+ 66. Ke2 Rc3 67. Rxf5 Rxc4 68. Ke3 Nc5 69. Rf6 Kc7 70. Rf7+ Kb6 71. f5 Rc3+ 72. Kf4 Rf3+ 73. Kg4 Rf1 74. Re7 Rf2 75. Kg5 1-0

[Event "*** SCC Grand Prix: Titled Tuesday Blitz"]
[Site "Chess.com"]
[Date "2020.06.02"]
[Round "9"]
[White "davigator"]
[Black "Oligan22"]
[Result "0-1"]
[WhiteElo "2312"]
[BlackElo "2432"]
[TimeControl "180+1"]
[EndTime "11:49:08 PDT"]
[Termination "Oligan22 won on time"]

1. e4 c6 2. d4 d5 3. e5 Bf5 4.
h4 h5 5. c4 e6 6. Nc3 Nd7 7. Bf4 Ne7 8. Be2 dxc4 9. Bxc4 Nb6 10. Bd3 Ned5 11. Bg5 Be7 12. Bxf5 exf5 13. Bxe7 Qxe7 14. Nge2 O-O 15. g3 Rad8 16. O-O f4 17. Ne4 fxg3 18. N2xg3 Qxh4 19. Qxh5 Qxh5 20. Nxh5 Rfe8 21. Rad1 Re6 22. Rd3 Rh6 23. Rh3 Nb4 24. Nd6 Kf8 25. Kg2 Rhxd6 26. exd6 Rxd6 27. a3 N4d5 28. Re1 g6 29. Kf3 gxh5 30. Rxh5 Rf6+ 31. Ke4 Nc4 32.
Rh8+ Kg7 33. Reh1 Re6+ 34. Kf5 Rf6+ 35. Ke4 Rxf2 36. Rb8 Kf6 37. Rh6+ Ke7 38. Rxb7+ Kf8 39. Rxc6 Ncb6 40. Rxa7 Rxb2 41. a4 Rb3 42. a5 Re3+ 43. Kf5 Na4 44. Rc8+ Kg7 45. Rd8 Ne7+ 46. Kf4 Re1 47.
Rdd7 Ng6+ 48. Kf3 Nc3 49. Rxf7+ Kh6 50. Ra6 Rf1+ 51. Kg4 Rxf7 52. Rd6 Ne4 53. Re6 Nf6+ 54. Kh3 Kg5 55. Rb6 Rd7 56. a6 Nf4+ 57. Kg3 N6h5+ 58.
Kf3 Rxd4 59. a7 Ra4 60. Rb7 Kf5 61. Rf7+ Kg6 62. Rb7 Kf5 63. Rb5+ Ke6 64. Rb6+ Kd5 65. Rb7 Kc6 66. Rh7 Ra3+ 67. Ke4 Ra4+ 68. Kf3 Kd6 69.
Rh6+ Ke5 70. Rh7 Kf6 71. Rb7 Kg5 72. Rc7 Nf6 73. Rb7 Ne6 0-1

[Event "*** SCC Grand Prix: Titled Tuesday Blitz"]
[Site "Chess.com"]
[Date "2020.06.02"]
[Round "9"]
[White "Fighter008"]
[Black "Chess_Boxer123"]
[Result "0-1"]
[WhiteElo "2575"]
[BlackElo "2717"]
[TimeControl "180+1"]
[EndTime "11:49:09 PDT"]
[Termination "Chess_Boxer123 won on time"]

1. e4 c5 2. Nf3 Nc6 3. Bb5 g6 4. O-O Bg7 5. c3 e5 6. d3 Nge7 7. Be3 d6 8. d4 cxd4 9. cxd4 a6 10. Ba4 b5 11. Bc2 Bg4 12. d5 Nd4 13. Bxd4 exd4 14.
Nbd2 O-O 15. h3 Bxf3 16. Nxf3 Qb6 17. a4 bxa4 18. Rxa4 Qxb2 19. Nxd4 Rfc8 20. Bb1 a5 21. Nc6 Nxc6 22. dxc6 Rxc6 23. Qd5 Rac8 24. Ba2 R6c7 25.
Rxa5 Rf8 26. Qxd6 Rc2 27. e5 Rd2 28. Qe7 Bxe5 29. Bxf7+ Rxf7 30. Qe8+ Kg7 31. Qxe5+ Qxe5 32. Rxe5 h6 33. g3 g5 34. Kg2 Rf6 35. Re3 Kg6 36. Rf3 Rxf3 37. Kxf3 Rd3+ 38. Kg2 Rd6 39. Ra1 h5 40.
Ra4 Rf6 41. h4 gxh4 42. Rxh4 Kg5 43. Ra4 Rf5 44. Rb4 Rc5 45. Rb2 Rd5 46. Kh3 Ra5 47. f4+ Kf5 48. Kh4 Ke4 49. Re2+ Kf3 50. Re5 Ra1 51.
Kxh5 Kxg3 52. Kg5 Ra8 53. f5 Rg8+ 54. Kf6 Kf4 55. Ra5 Rf8+ 56. Kg6 Rg8+ 57. Kf7 Rg5 58.
Kf6 Kg4 59. Ra4+ Kh5 60. Ke6 Rg2 0-1

[Event "*** SCC Grand Prix: Titled Tuesday Blitz"]
[Site "Chess.com"]
[Date "2020.06.02"]
[Round "9"]
[White "manmanlai1"]
[Black "cukus"]
[Result "1/2-1/2"]
[WhiteElo "2371"]
[BlackElo "2479"]
[TimeControl "180+1"]
[EndTime "11:49:11 PDT"]
[Termination "Game drawn by repetition"]

1. e4 c6 2. d4 d5 3. exd5 cxd5 4.
Bd3 Nc6 5. c3 Nf6 6. Bf4 g6 7. Nf3 Bf5 8. O-O Bg7 9. Re1 O-O 10. Bf1 Ne4 11. h3 Nd6 12. Nbd2 h6 13. Bh2 g5 14. Ne5 Nxe5 15. Bxe5 f6 16. Bh2 Bg6 17. Qb3 Bf7 18. Bd3 e6 19. Rad1 Qd7 20.
Bb1 b5 21. Qc2 f5 22. Nb3 Ne4 23. f3 Nf6 24. Nc5 Qc6 25. Qe2 Rfe8 26. Bd3 a6 27.
b4 f4 28. a4 bxa4 29. Ra1 e5 30. dxe5 Nd7 31. Nxd7 Qxd7 32. Bc2 Rxe5 33. Qd3 Rxe1+ 34. Rxe1 Re8 35. Ra1 Re3 36. Qh7+ Kf8 37. Kh1 Rxc3 38. Bg1 d4 39. Bxa4 Qe6 40. b5 Bg6 41. Qxg7+ Kxg7 42. Bxd4+ Kh7 43. Bxc3 Qc4 44. Bf6 axb5 45. Bd1 Bf5 46. h4 gxh4 47. Bxh4 b4 48. Ra7+ Kg6 49. Kh2 Bc2 50. Bxc2+ Qxc2 51. Ra6+ Kf5 52. Rf6+ Ke5 53. Rxh6 b3 54. Rh5+ Ke6 55. Rh6+ Kf7 56. Rf6+ Kg7 57. Rxf4 b2 58. Bf6+ Kg6 59. Bxb2 Qxb2 60. Rg4+ Kf5 61. Kg3 Qh8 62. Kf2 Qc3 63. Re4 Kf6 64. Rg4 Qd2+ 65.
Kg3 Qc3 66. Re4 Kf5 67. Rg4 Qc7+ 68. Kf2 Qc5+ 69. Kg3 Qe5+ 70. Kf2 Qb2+ 71. Kg3 Qd2 72. Re4 Qc3 73. Kf2 Qa5 74. Rg4 Qd2+ 75. Kg3 Qe1+ 76.
Kh2 Qf2 77. Re4 Kf6 78. Rg4 Ke5 79. Re4+ Kd5 80. Kh3 Qg1 81. Kg3 Kd6 82. Kh3 Kd5 83. Kg3 Qf1 84. Kh3 Qg1 1/2-1/2

[Event "*** SCC Grand Prix: Titled Tuesday Blitz"]
[Site "Chess.com"]
[Date "2020.06.02"]
[Round "9"]
[White "Skatchkov_V"]
[Black "LionTheLeon_06"]
[Result "0-1"]
[WhiteElo "2556"]
[BlackElo "2692"]
[TimeControl "180+1"]
[EndTime "11:49:12 PDT"]
[Termination "LionTheLeon_06 won on time"]

1. Nf3 Nf6 2. g3 d5 3. d4 e6 4. c4 Be7 5. Bg2 O-O 6. O-O dxc4 7. Qc2 b6 8. Ne5 Qxd4 9. Bxa8 Qxe5 10. Bg2 Nd5 11.
Qxc4 Ba6 12. Qa4 c5 13. Nc3 Nxc3 14. bxc3 Qxc3 15. Bf4 e5 16. Be3 Qc4 17. Qa3 Qxe2 18. Rfe1 Qd3 19. Qb2 Bf6 20. Rad1 Qb5 21. Qa3 Qc4 22.
Bf1 Qb4 23. Qxb4 cxb4 24. Bxa6 Nxa6 25. Rd7 Ra8 26. Rc1 h5 27. h4 g6 28. Kg2 Kg7 29. Kf3 Nb8 30. Rb7 Na6 31. Ke2 Kg8 32. Rc4 Bg7 33. Rc1 Bf6 34. Rd1 Nc5 35. Bxc5 bxc5 36. Rdd7 a5 37. Rxf7 Bh8 38. Rfc7 a4 39.
Rxc5 b3 40. a3 e4 41. Kd1 Rd8+ 42. Kc1 Bg7 43. Rcc7 Bh6+ 44. Kb1 Rd1+ 45. Kb2 Rd2+ 46. Kb1 Bf8 47. Rc8 Rd1+ 48. Kb2 Rd2+ 49. Kb1 Rxf2 50. Rbb8 e3 51. Re8 Rf1+ 52. Kb2 Rf2+ 53. Kc3 e2 54.
Kd2 b2 55. Rxb2 e1=Q+ 56. Kxe1 Rxb2 57. g4 hxg4 58. Re4 Rb3 59. Rxa4 Rxa3 60. Rxg4 Kh7 61. Kf1 Rb3 62. Rg5 Be7 63. Rd5 Bxh4 64. Kg2 Kh6 65. Rd7 Bg5 66. Kh2 Rb2+ 67. Kh3 Rb3+ 68. Kg2 Rb4 69. Rd5 Bf6 70. Rd7 g5 71. Rd5 Kg6 72. Kg3 Rb3+ 73. Kg2 g4 74. Rc5 Bg5 75. Rd5 Bf4 76. Rd4 Rb2+ 0-1